cohdb
Replays
Latest Replays
All Replays
Popular Replays
Top Player Replays
Match Explorer
How It Works
Community
CoH3 Stats
Reddit
Sign in to upload your games and track your stats! →
Sign in with Steam
Match 39627482
Unlisted
Match 39627482
Overview
Messages
Build Orders
End
Selects Airborne Battlegroup
Selects Pathfinders
Pathfinder Squad
Construct Weapon Support Center
Bazooka Squad
M1919 Machine Gun Team
Infantry Support Center
Engineer Squad
Selects Paratrooper Squad Paradrop
Paratrooper Squad Paradrop
Advanced Logistics
Paratrooper Squad Paradrop
Selects Anti-tank Gun Team Paradrop
Anti-tank Gun Team Paradrop
Survival Training
M3 Armored Personnel Carrier
Construct Tank Depot
Mortar Pit
Mortar Pit
Sniper
Selects Recon Loiter
Selects Supply Drop
Selects Carpet Bombing Run
Construct Motor Pool
M18 Hellcat Tank Destroyer
Mortar Pit
Carpet Bombing Run
M18 Hellcat Tank Destroyer
Forward Retreat Point
Mortar Pit
Mortar Pit
Mortar Pit
Supply Drop
Mortar Pit
M18 Hellcat Tank Destroyer
Mortar Pit
Mortar Pit
banstyle
Angrybirds
Saueee
pipiku
0
0
Comments
sign in to comment!
No comments posted yet!